 Dungeon Crawl Stone Soup version 0.31.0-12-g77e489cdc1 (webtiles) character file.

Game seed: 12994178607205043912

5754 Kallu the Grappler (level 10, -1/102 HPs)
             Began as a Troll Gladiator on Feb 14, 2024.
             Was a Follower of Ru.
             Slain by a yak (15 damage)
             ... on level 9 of the Dungeon.
             The game lasted 00:15:36 (7326 turns).

Kallu the Grappler (Troll Gladiator)                Turns: 7326, Time: 00:15:36

Health: -1/102     AC:  4    Str: 26    XL:     10   Next: 49%
Magic:  8/8        EV:  9    Int:  4    God:    Ru [*.....]
Gold:   345        SH:  0    Dex: 13    Spells: 9/9 levels left

rFire   . .          .
                       - Unarmed
rCold   . . .        (no shield)
rNeg    + . .        a - +0 robe
rPois   .            b - +0 hat
rElec   .            o - scarf {shadows}
rCorr   .            (gloves unavailable)
SInv    .            (boots unavailable)
Will    .....        (no amulet)
Stlth   +            f - ring of positive energy
HPRegen 1.17/turn    (no ring)
MPRegen 0.11/turn

%: no passive effects
@: about to teleport
A: large, unfitting armour, claws 3, low MP 1, regeneration 1, shaggy fur 1,
tough skin 1, inability to train dodging
a: Renounce Religion


You were on level 9 of the Dungeon.
You worshipped Ru.
Ru was aware of your devotion.
You visited 2 branches of the dungeon, and saw 10 of its levels.
You also visited: Bailey.

You collected 561 gold pieces.
You spent 216 gold pieces at shops.

Inventory:

Hand Weapons
 y - a +0 giant club
Missiles
 c - 3 throwing nets (quivered)
 d - a large rock
Armour
 a - a +0 robe (worn)
 b - a +0 hat (worn)
 o - a scarf of shadows (worn)
Jewellery
 f - a ring of positive energy (left claw)
 z - a ring of fire
Talismans
 r - a maw talisman
Wands
 v - a wand of polymorph (12)
 x - a wand of digging (5)
 D - a wand of paralysis (9)
 J - a wand of light (5)
Scrolls
 g - 2 scrolls of blinking
 k - 2 scrolls of noise {unknown}
 n - 4 scrolls of enchant armour
 q - 2 scrolls of summoning {unknown}
 s - 3 scrolls of fear {unknown}
 w - 2 scrolls of immolation {unknown}
 A - 5 scrolls of fog {unknown}
 B - 2 scrolls of teleportation
 G - a scroll of poison
 H - a scroll of revelation
Potions
 e - 3 potions of heal wounds
 i - 2 potions of ambrosia {unknown}
 j - 3 potions of mutation {unknown}
 l - a potion of enlightenment {unknown}
 m - a potion of degeneration {unknown}
 p - 5 potions of curing
 t - a potion of resistance {unknown}
 u - 2 potions of haste
 C - a potion of berserk rage {unknown}
 E - a potion of invisibility {unknown}
 F - a potion of lignification {unknown}
 I - a potion of magic {unknown}


   Skills:
 - Level 7.0 Fighting
 - Level 1.7 Throwing
   Level 0.0 Dodging
 + Level 13.2 Unarmed Combat


You had 9 spell levels left.
You didn't know any spells.
Your spell library contained the following spells:

 Spells                   Type           Power      Damage    Failure   Level
 Summon Small Mammal      Summ           0%         N/A       50%         1
 Call Imp                 Summ           0%         N/A       65%         2
 Sublimation of Blood     Necr           0%         N/A       65%         2
 Call Canine Familiar     Summ           0%         N/A       86%         3
 Tukima's Dance           Hex            0%         N/A       86%         3
 Passage of Golubria      Tloc           0%         N/A       99%         4
 Summon Blazeheart Golem  Fire/Summ      0%         N/A       99%         4
 Silence                  Hex/Air        0%         N/A       100%        5
 Yara's Violent Unravell  Hex/Alch       0%         3d3       100%        5
 Summon Hydra             Summ           0%         N/A       100%        7
 Lehudib's Crystal Spear  Conj/Erth      0%         10d2      100%        8


Dungeon Overview and Level Annotations

Branches:
Dungeon (9/15)             Temple (1/1) D:4          Bailey (visited)
   Lair: D:8-11         Orc: D:9-12

Altars:
Ashenzari
Cheibriados
Dithmenos
Elyvilon
Fedhas
Gozag
Kikubaaqudgha
Makhleb
Nemelex Xobeh
Okawaru
Qazlal
Ru
Trog
Vehumet
Wu Jian
Xom
Yredelemnul
Zin
The Shining One

Shops:
D:1 [   D:3 !

Annotations:
D:6 Jeremiah


Innate Abilities, Weirdness & Mutations

You are too large for most types of armour.
You have claws for hands.
Your magical capacity is low. (-10% MP)
Your natural rate of healing is unusually fast.
You are covered in fur. (AC +1)
You have tough skin. (AC +1)
You cannot train Dodging skill.


Message History

You hear a shout!
The yak gores you!
A gnoll comes into view. It is wielding a +0 spear.
You mangle the yak!!
You kill the yak!
You scratch the yak but do no damage.
The yak is almost dead.
You mangle the yak!!
You kill the yak!
You scratch the yak but do no damage. The yak gores you!
You mangle the yak!!
The yak is severely wounded.
The yak barely misses you.
You mangle the yak!!
You kill the yak!
Things that are here:
a yak corpse; a yak corpse; a yak corpse You scratch the yak.
The yak is lightly wounded.
The yak gores you!
You closely miss the yak. You claw the yak!
The yak is moderately wounded.
The yak gores you!
You barely miss the yak.
The yak is moderately wounded.
The gnoll sergeant hits you from afar with a +0 trident!
You are too injured to fight recklessly!
You are too injured to fight recklessly!
You completely miss the yak.
The yak is moderately wounded.
The yak gores you! The gnoll sergeant barely misses you.
You claw the yak!
The yak is severely wounded.
The yak gores you!
* * * LOW HITPOINT WARNING * * *
The yak attacks as it pursues you! The yak gores you!
* * * LOW HITPOINT WARNING * * *
As you read the scroll of teleportation, it crumbles to dust.
You feel strangely unstable. The yak gores you!
You die...

#.# ### ##"# #.#### ####
####..# #....#
#..######....## # #....#
##....##..#### #.####....#
####....##### #.........#
###.>.......
#..###....#######....#######
........<...ggY@...........#
..Y..#.......g######....###.#
....Y#..<.....g.# #....#
.....#........#.# #....# ..?.
#........#.# #....# ........#
# #....# ........# #....#
.......#


You could see a yak, a gnoll sergeant and 2 gnolls.

Vanquished Creatures
  Amaemon (D:8)
  An orange demon (D:8)
  2 trolls
  Prince Ribbit (D:8)
  Grinder (D:4)
  Eustachio (D:6)
  5 yaks (D:9)
  A steam dragon (D:7)
  2 water moccasins (D:7)
  6 orc warriors
  A sky beast (D:7)
  A black bear (D:5)
  2 ogres
  2 centaurs (D:5)
  A phantom (D:4)
  Blork the orc (D:4)
  2 bullfrogs
  A scorpion (D:6)
  5 wights (D:8)
  9 killer bees
  3 howler monkeys (D:8)
  An electric eel (D:8)
  7 hounds
  4 jellies
  An iguana (D:5)
  6 orc wizards
  Robin (D:3)
  11 gnolls
  11 adders
  2 shadow imps
  2 ufetubi
  A dart slug (D:1)
  3 ribbon worms
  33 orcs
  10 ball pythons
  6 bats
  7 endoplasms
  6 giant cockroaches
  24 goblins
  14 hobgoblins
  5 jackals
  7 quokkas
  3 frilled lizards
  3 kobolds
  6 rats
223 creatures vanquished.

Notes
Turn   | Place    | Note
-------+----------+-------------------------------------------
     0 | D:1      | Kallu the Troll Gladiator began the quest for the Orb.
     0 | D:1      | Reached XP level 1. HP: 19/19 MP: 0/0
    66 | D:1      | Found Ympuol's Armour Emporium.
    74 | D:1      | Reached XP level 2. HP: 27/27 MP: 1/1
   171 | D:1      | Reached skill level 4 in Unarmed Combat
   406 | D:1      | Reached XP level 3. HP: 33/33 MP: 2/2
   880 | D:2      | Found a faded altar of an unknown god.
  1265 | D:2      | Reached skill level 5 in Unarmed Combat
  1265 | D:2      | Reached XP level 4. HP: 37/41 MP: 3/3
  1631 | D:3      | Noticed Robin
  1657 | D:3      | Killed Robin
  1751 | D:3      | Reached XP level 5. HP: 52/52 MP: 4/4
  1957 | D:3      | Found Koluggae's Distillery.
  1964 | D:3      | Bought a potion of curing for 36 gold pieces
  1964 | D:3      | Bought a potion of haste for 120 gold pieces
  1964 | D:3      | Bought a potion of heal wounds for 60 gold pieces
  2396 | D:4      | Noticed Blork the orc
  2407 | D:4      | Killed Blork the orc
  2433 | D:4      | Noticed a phantom
  2446 | D:4      | Killed a phantom
  2447 | D:4      | Reached skill level 6 in Unarmed Combat
  2447 | D:4      | Reached XP level 6. HP: 61/61 MP: 5/5
  2465 | D:4      | Noticed Grinder
  2476 | D:4      | Killed Grinder
  2477 | D:4      | Reached skill level 7 in Unarmed Combat
  2585 | D:4      | Reached XP level 7. HP: 67/67 MP: 6/6
  2677 | D:4      | Found a staircase to the Ecumenical Temple.
  2686 | Temple   | Entered the Ecumenical Temple
  2749 | Temple   | Became a worshipper of Ru the Awakened
  2777 | D:5      | Entered Level 5 of the Dungeon
  2874 | D:5      | Reached skill level 8 in Unarmed Combat
  3337 | D:5      | Reached XP level 8. HP: 78/78 MP: 7/7
  3480 | D:5      | Reached skill level 9 in Unarmed Combat
  3595 | D:5      | Found a sparkling altar of Nemelex Xobeh.
  3923 | D:6      | Found a stormy altar of Qazlal.
  3967 | D:6      | Found an ornate altar of the Wu Jian Council.
  3971 | D:6      | Found an iron altar of Okawaru.
  3980 | D:6      | Found a bloodstained altar of Trog.
  4010 | D:6      | Gained mutation: Your magical capacity is low. (-10% MP)
                  | [Ru sacrifice]
  4102 | D:6      | Noticed Jeremiah
  4221 | D:6      | Noticed Eustachio
  4238 | D:6      | Killed Eustachio
  4239 | D:6      | Reached skill level 10 in Unarmed Combat
  4783 | D:7      | Reached skill level 11 in Unarmed Combat
  4956 | D:7      | Noticed a troll
  4973 | D:7      | Killed a troll
  4974 | D:7      | Reached skill level 5 in Fighting
  4974 | D:7      | Reached XP level 9. HP: 67/88 MP: 7/7
  5106 | D:7      | Found an ancient bone altar of Kikubaaqudgha.
  5535 | D:7      | Found a bloodstained altar of Trog.
  5741 | D:8      | Found a flagged portal.
  5747 | Bailey   | Entered a bailey
  5983 | Bailey   | Noticed an orc warlord
  6379 | D:8      | Noticed Prince Ribbit
  6382 | D:8      | Noticed an orange demon
  6389 | D:8      | Killed Prince Ribbit
  6424 | D:8      | Noticed a troll
  6541 | D:8      | Noticed Amaemon
  6551 | D:8      | Gained mutation: You cannot train Dodging skill. [Ru
                  | sacrifice]
  6551 | D:8      | Reached * piety under Ru
  6676 | D:8      | Killed Amaemon
  6677 | D:8      | Reached XP level 10. HP: 102/102 MP: 8/8
  6813 | D:8      | Reached skill level 12 in Unarmed Combat
  6963 | D:8      | Killed an orange demon
  7011 | D:8      | Found a shadowy altar of Dithmenos.
  7029 | D:9      | Found a white marble altar of Elyvilon.
  7299 | D:9      | Reached skill level 13 in Unarmed Combat
  7326 | D:9      | Slain by a yak

Illustrated notes

Levels and vault maps discovered:
D:1:      psy_arrival_dodecagon, layout_basic, serial_shops,
          nicolae_lakefront_shop
D:2:      layout_basic, dilly_ecumenical_altar_fadedgnrine,
          minmay_randomly_rotated_circles
D:3:      layout_basic, serial_shops, shop, uniq_robin
D:4:      layout_basic, minmay_temple_entry_trees, minmay_misc_feat_hallway,
          uniq_blork_the_orc, uniq_grinder
D:5:      layout_basic, mainiacjoe_overflow_tiny_flanked
D:6:      layout_gridville, chequers_temple_overflow_statue_of_worship,
          hangedman_feature_mirror, uniq_jeremiah, uniq_eustachio
D:7:      layout_loops_ring, old_standard_altar, lemuel_doored_altar,
          minmay_chambers_of_fives
D:8:      layout_rooms, grunt_dithmenos_shadows, enter_bailey_2,
          eino_tiny_chamber, fountainhead, mrwooster_statue_mirror,
          uniq_prince_ribbit1, uniq_amaemon
D:9:      layout_basic, kennysheep_mini, lemuel_tele_altar, led_sif_book,
          erik_lair_dragon
Temple:   minmay_temple_bridge_abc

Skill      XL: |  1  2  3  4  5  6  7  8  9 10 |
---------------+-------------------------------+-----
Unarmed Combat | 4 5 6 7 8 11 13 | 13.2
Fighting       | 2 3 4 5 7 |  7.0
Dodging        | 0 |  0.0
Throwing       | |  1.7

Action                     |  1- 3 |  4- 6 |  7- 9 | 10-12 || total
---------------------------+-------+-------+-------+-------++-------
  Melee: Unarmed           |    83 |   123 |   321 |    71 ||   598
         Punch             |     3 |     2 |    18 |     7 ||    30
  Throw: Throwing net      |       |       |     1 |       ||     1
 Invoke: Sacrifice Essence |       |       |     1 |       ||     1
         Sacrifice Nimblen |       |       |     1 |       ||     1
  Evoke: Wand              |       |       |     4 |       ||     4
    Use: Scroll            |       |       |     8 |     1 ||     9
         Potion            |       |       |     3 |       ||     3
   Stab: Sleeping          |       |     4 |     1 |       ||     5
         Held in net/web   |       |       |     1 |       ||     1
 Armour: Robe              |    49 |    67 |   257 |    40 ||   413
  Dodge: Dodged            |    48 |    44 |   165 |    16 ||   273
